 Dungeon Crawl Stone Soup version 0.30-a0-652-gcc886f7154 (webtiles) character file.

Game seed: 16053573061390079320

114 Dittersdorf the Shield-Bearer (level 4, -3/29 HPs)
             Began as a Gargoyle Fighter on Jan 17, 2023.
             Killed by nerve-wracking pain
             ... invoked by Menkaure
              (7 damage)
             ... on level 4 of the Dungeon.
             The game lasted 00:03:28 (2304 turns).

Dittersdorf the Shield-Bearer (Gargoyle Fighter)    Turns: 2304, Time: 00:03:29

Health: -3/29      AC: 16    Str: 22    XL:     4   Next: 98%
Magic:  4/4        EV:  9    Int:  8    God:
Gold:   190        SH:  4    Dex:  9    Spells: 3/3 levels left

rFire   . . .      SeeInvis .    a - +0 flail
rCold   . . .      Faith    .    c - +0 buckler
rNeg    + . .      Spirit   .    b - +0 scale mail
rPois   ∞          Reflect  .    f - +0 helmet
rElec   +          Harm     .    (no cloak)
rCorr   .          Rampage  .    u - +2 pair of gloves
Will    .....                    m - +0 pair of boots Stlth
                                 (no amulet)
HPRegen 0.24/turn                (no ring)
MPRegen 0.09/turn                (no ring)

@: no status effects
A: sickness immunity, AC +3, negative energy resistance 1, electricity
resistance, torment resistance 1, petrification resistance
a: no special abilities


You were on level 4 of the Dungeon.
You visited 1 branch of the dungeon, and saw 4 of its levels.

You collected 190 gold pieces.

Inventory:

Hand Weapons
 a - a +0 flail (weapon)
Missiles
 j - 8 poisoned darts (quivered)
Armour
 b - a +0 scale mail (worn)
 c - a +0 buckler (worn)
 f - a +0 helmet (worn)
 m - a +0 pair of boots (worn)
 u - a +2 pair of gloves (worn)
Scrolls
 k - a scroll of silence
 q - a scroll of teleportation {unknown}
 t - a scroll of magic mapping {unknown}
 v - a scroll of noise {unknown}
Potions
 d - 3 potions of might
 e - a potion of berserk rage
 g - 2 potions of brilliance {unknown}
 h - a potion of mutation
 n - 5 potions of curing
 o - a potion of cancellation
 p - a potion of ambrosia {unknown}
 r - a potion of flight {unknown}
 s - a potion of attraction {unknown}


   Skills:
 + Level 4.1 Fighting
 + Level 3.0 Maces & Flails
 + Level 4.1 Armour
 + Level 4.1 Shields


You had 3 spell levels left.
You didn't know any spells.
Your spell library contained the following spells:

 Spells                   Type           Power      Damage    Failure   Level
 Apportation              Tloc           0%         N/A       82%         1
 Necrotise                Necr           0%         1d4       82%         1
 Sandblast                Erth           0%         2d4       82%         1
 Summon Small Mammal      Summ           0%         N/A       82%         1
 Passwall                 Tmut/Erth      0%         N/A       91%         2
 Kindle Blastsparks       Fire/Tloc/Air  0%         2d10      99%         3
 Stone Arrow              Conj/Erth      0%         3d7       99%         3
 Fulminant Prism          Conj/Hex       0%         3d5       100%        4
 Iskenderun's Mystic Bla  Conj/Tloc      0%         2d3       100%        4
 Lee's Rapid Deconstruct  Erth           0%         3d4*      100%        5


Dungeon Overview and Level Annotations

Branches:
Dungeon (4/15)
 Temple: D:4-7

Altars:

Annotations:
D:4 Menkaure


Innate Abilities, Weirdness & Mutations

You are immune to sickness and miasma.
Your stone body is resilient. (AC +3)
You are immune to poison.
You resist negative energy. (rN+)
You are resistant to electric shocks. (rElec)
You are resistant to unholy torment.
You are immune to petrification.


Message History

You are too injured to fight recklessly!
You are too injured to fight recklessly!
You are too injured to fight recklessly!
You are too injured to fight recklessly!
You are too injured to fight recklessly!
You are too injured to fight recklessly!
You are too injured to fight recklessly!
You are too injured to fight recklessly!
You are too injured to fight recklessly!
You are too injured to fight recklessly!
You are too injured to fight recklessly!
You are too injured to fight recklessly!
You are too injured to fight recklessly!
You are too injured to fight recklessly!
There is an open door here.
Menkaure hits you but does no damage.
You sock Menkaure!
Menkaure is heavily damaged.
Menkaure barely misses you.
You closely miss Menkaure.
Menkaure is heavily damaged.
Menkaure closely misses you.
You hit Menkaure.
Menkaure is severely damaged.
Menkaure gestures wildly while chanting.
Menkaure seems to speed up.
You hit Menkaure.
Menkaure is severely damaged.
Menkaure calls on the powers of darkness!
Your body is wracked with pain!
* * * LOW HITPOINT WARNING * * *
The goblin convulses!
Menkaure casts a spell at you. Pain shoots through your body!
* * * LOW HITPOINT WARNING * * *
You hit Menkaure but do no damage.
Menkaure is severely damaged.
Menkaure gestures at you while chanting.
Pain shoots through your body!
You die...

...#####.#
#........#
#!.......# #
#........# #.
#......... #.
#.......######## ..
#.g............##..
##M###+#.#.......
#@# #.#.#.###.####
#.# #.#.#.#.......
#.###.#.#.........
#...#.#...........
###.#.............
#..........####.
##########.#..#.
#.#.##. #.#.##.


You could see Menkaure (fast) and a goblin.

Vanquished Creatures
  Terence (D:3)
  2 adders (D:2)
  3 worms
  3 dart slugs
  An orc (D:3)
  5 ball pythons
  5 bats
  4 endoplasms
  5 giant cockroaches
  8 goblins
  5 hobgoblins
  2 quokkas
  5 frilled lizards
  2 kobolds
  3 rats
54 creatures vanquished.

Notes
Turn   | Place    | Note
-------+----------+-------------------------------------------
     0 | D:1      | Dittersdorf the Gargoyle Fighter began the quest for the
                  | Orb.
     0 | D:1      | Reached XP level 1. HP: 14/14 MP: 1/1
   228 | D:1      | Reached XP level 2. HP: 17/19 MP: 2/2
   814 | D:2      | Reached XP level 3. HP: 24/24 MP: 3/3
  1438 | D:2      | Reached XP level 4. HP: 29/29 MP: 4/4
  1930 | D:3      | Noticed Terence
  1938 | D:3      | Killed Terence
  2290 | D:4      | Noticed Menkaure
  2304 | D:4      | Killed from afar by Menkaure

Illustrated notes

Levels and vault maps discovered:
D:1:      dpeg_arrival_rhombi, layout_basic, minmay_surrounded
D:2:      layout_basic, minmay_pentomino_p2
D:3:      layout_rooms, uniq_terence
D:4:      layout_basic, minmay_puff, uniq_menkaure, uniq_pargi

Skill      XL: |  1  2  3  4 |
---------------+-------------+-----
Shields        | 4 |  4.1
Fighting       | 4 |  4.1
Armour         | 4 |  4.1
Maces & Flails | 3 |  3.0

Action                   |  1- 3 |  4- 6 || total
-------------------------+-------+-------++-------
Melee: Flail             |   127 |    61 ||   188
  Use: Scroll            |       |     7 ||     7
Armor: Scale mail        |    62 |    22 ||    84
Dodge: Dodged            |    63 |    27 ||    90
Block: Buckler           |    29 |    15 ||    44

Table legend: (Time is in decaauts)
 A = Elapsed time spent in this place.
 B = Non-inter-level travel time spent in this place.
 C = Inter-level travel time spent in this place.
 D = Time resting spent in this place.
 E = Time spent auto-exploring this place.
 F = Levels seen in this place.
 G = Mean time per level.
                   A        B        C        D        E       F      G
               +--------+--------+--------+--------+--------+-----+--------+
         Total |   2361 |   2282 |     79 |     47 |   1704 |   4 |  590.2 |
       Dungeon |   2361 |   2282 |     79 |     47 |   1704 |   4 |  590.2 |
               +--------+--------+--------+--------+--------+-----+--------+

Top non-repeatable levels by time:
     D:2: 1059 daAuts
     D:1: 749 daAuts
     D:3: 431 daAuts
     D:4: 121 daAuts
